| TOP OF THE 1ST |
|
Grand Junction Rockies batting - Pitching for Bristol Pirates : LHP Hujime Ishida
|
|
Pitching: LHP Hujime Ishida
|
|
|
Batting: RHB Willis Morales
|
0-0: Foul Ball, location: 2F 0-1: Ball 1-1: Swinging Strike 1-2: Foul Ball, location: 2F 1-2: Strikes out swinging
|
|
Batting: LHB Bill McGregor
|
0-0: Fly out, F8 (Line Drive, 8RD, EV 94.4 MPH)
|
|
Batting: RHB John Boyer
|
0-0: Ball 1-0: SINGLE (Groundball, 5S, EV 66.9 MPH) (infield hit)
|
|
Batting: RHB Doug D'Onofrio
|
0-0: Foul Ball, location: 2F 0-1: Swinging Strike 0-2: Ball Wild Pitch! John Boyer to second 1-2: Ball 2-2: SINGLE (Groundball, 6D, EV 99.4 MPH) John Boyer to third Runner from 3rd tries for Home, SAFE, throw by LF to home
|
|
Batting: SHB Jeff Sorrels
|
0-0: Ball 1-0: Fielders Choice at 2nd, 5-4 (Groundball, 5, EV 101.9 MPH)
|
| Top of the 1st over - 1 run, 2 hits, 0 errors, 1 left on base; Grand Junction 1 - Bristol 0 |
| BOTTOM OF THE 1ST |
|
Bristol Pirates batting - Pitching for Grand Junction Rockies : RHP Don Boudreau
|
|
Pitching: RHP Don Boudreau
|
|
|
Batting: RHB Perry Dominey
|
0-0: Called Strike 0-1: Foul Ball, location: 2F 0-2: Fly out, F3 (Popup, 3SF, EV 63.8 MPH)
|
|
Batting: LHB Joe Wise
|
0-0: Ball 1-0: Ball 2-0: Called Strike 2-1: Ball 3-1: Foul Ball, location: 2F 3-2: Foul Ball, location: 2F 3-2: Base on Balls
|
|
Batting: LHB Randy Boone
|
0-0: Ground out 4-3 (Groundball, 34D, EV 97.5 MPH) Joe Wise to second
|
|
Batting: RHB Etsuro Hosokawa
|
0-0: Ball 1-0: Ball 2-0: Ball 3-0: Base on Balls
|
|
Batting: RHB Jaime Dubicki
|
0-0: SINGLE (Groundball, 5D, EV 108.1 MPH) Joe Wise to third Etsuro Hosokawa to second Runner from 3rd tries for Home, throw by LF and OUT! 7-2
|
| Bottom of the 1st over - 0 runs, 1 hit, 0 errors, 2 left on base; Grand Junction 1 - Bristol 0 |
| TOP OF THE 2ND |
|
Grand Junction Rockies batting - Pitching for Bristol Pirates : LHP Hujime Ishida
|
|
Batting: RHB Zakhar Edelman
|
0-0: Called Strike 0-1: Fly out, F6 (Popup, P, EV 72.5 MPH)
|
|
Batting: SHB Jamie Mims
|
0-0: Ball 1-0: Ball 2-0: Swinging Strike 2-1: Fly out, F8 (Line Drive, 8RM, EV 93.8 MPH)
|
|
Batting: LHB Chris Salim
|
0-0: Swinging Strike 0-1: Foul Ball, location: 2F 0-2: Foul Ball, location: 2F 0-2: Strikes out swinging
|
| Top of the 2nd over - 0 runs, 0 hits, 0 errors, 0 left on base; Grand Junction 1 - Bristol 0 |
| BOTTOM OF THE 2ND |
|
Bristol Pirates batting - Pitching for Grand Junction Rockies : RHP Don Boudreau
|
|
Batting: LHB Ruben Garza
|
0-0: Called Strike 0-1: Called Strike 0-2: Ball 1-2: Strikes out looking
|
|
Batting: RHB Andrew DeRicco
|
0-0: Swinging Strike 0-1: Reached on error, E6 (Groundball, 6, EV 81.3 MPH)
|
|
Batting: RHB Rob Colley
|
0-0: DOUBLE (Groundball, 5L, EV 103.1 MPH) Andrew DeRicco to third
|
|
Batting: RHB Gilberto Victoria
|
0-0: Foul Ball, location: 2F 0-1: Ground out 5-3 (Groundball, 5D, EV 88.8 MPH)
|
|
Batting: RHB Perry Dominey
|
0-0: Ball 1-0: Ball 2-0: Ball 3-0: Base on Balls
|
|
Batting: LHB Joe Wise
|
0-0: Ball 1-0: Ball 2-0: Ground out U3 (Groundball, 23, EV 83.8 MPH)
|
| Bottom of the 2nd over - 0 runs, 1 hit, 1 error, 3 left on base; Grand Junction 1 - Bristol 0 |
| TOP OF THE 3RD |
|
Grand Junction Rockies batting - Pitching for Bristol Pirates : LHP Hujime Ishida
|
|
Batting: RHB Yamashita Yagi
|
0-0: Foul Ball, location: 2F 0-1: Swinging Strike 0-2: Strikes out swinging
|
|
Batting: RHB Willis Morales
|
0-0: SINGLE (Groundball, 4M, EV 105.6 MPH) (infield hit)
|
|
Batting: LHB Bill McGregor
|
0-0: Swinging Strike 0-1: Ball 1-1: Ball Wild Pitch! Willis Morales to second 2-1: Swinging Strike 2-2: Ball 3-2: Base on Balls
|
|
Batting: RHB John Boyer
|
0-0: Ball 1-0: Ball 2-0: Called Strike 2-1: Foul Ball, location: 2F 2-2: SINGLE (Line Drive, 8RS, EV 107.5 MPH) Willis Morales to third Bill McGregor to second Runner from 3rd tries for Home, SAFE, throw by CF to home
|
|
Batting: RHB Doug D'Onofrio
|
0-0: Called Strike Bill McGregor steals 3rd base John Boyer to second 0-1: Swinging Strike 0-2: Ball 1-2: Foul Ball, location: 2F 1-2: Ball 2-2: Ball 3-2: Foul Ball, location: 2F 3-2: Foul Ball, location: 2F 3-2: Reached on error, E4 (Groundball, 4, EV 88.1 MPH) Bill McGregor scores John Boyer to third
|
|
Batting: SHB Jeff Sorrels
|
0-0: Called Strike 0-1: Swinging Strike 0-2: Ball 1-2: Foul Ball, location: 2F 1-2: DOUBLE (Groundball, 5L, EV 105.6 MPH) John Boyer scores Doug D'Onofrio to third Doug D'Onofrio scores
|
|
Batting: RHB Zakhar Edelman
|
0-0: Ball 1-0: Swinging Strike 1-1: Ball 2-1: Foul Ball, location: 2F 2-2: Foul Ball, location: 2F 2-2: Foul Ball, location: 2F 2-2: Foul Ball, location: 2F 2-2: Foul Ball, location: 2F 2-2: Strikes out swinging, 2-3 out at first.
|
|
Batting: SHB Jamie Mims
|
0-0: Called Strike 0-1: Foul Ball, location: 2F 0-2: DOUBLE (Line Drive, 89D, EV 113.1 MPH) Jeff Sorrels scores
|
|
Batting: LHB Chris Salim
|
0-0: Ball 1-0: Fly out, F7 (Flyball, 7LM, EV 96.9 MPH)
|
| Top of the 3rd over - 5 runs, 4 hits, 1 error, 1 left on base; Grand Junction 6 - Bristol 0 |
| BOTTOM OF THE 3RD |
|
Bristol Pirates batting - Pitching for Grand Junction Rockies : RHP Don Boudreau
|
|
Batting: LHB Randy Boone
|
0-0: Ball 1-0: Fly out, F8 (Line Drive, 8RD, EV 93.1 MPH)
|
|
Batting: RHB Etsuro Hosokawa
|
0-0: Ball 1-0: Foul Ball, location: 2F 1-1: Ball 2-1: Ball 3-1: Swinging Strike 3-2: Base on Balls
|
|
Batting: RHB Jaime Dubicki
|
0-0: Ball 1-0: Fly out, F6 (Line Drive, 6, EV 75.6 MPH)
|
|
Batting: LHB Ruben Garza
|
0-0: Ball 1-0: Called Strike 1-1: Called Strike 1-2: Strikes out looking
|
| Bottom of the 3rd over - 0 runs, 0 hits, 0 errors, 1 left on base; Grand Junction 6 - Bristol 0 |
| TOP OF THE 4TH |
|
Grand Junction Rockies batting - Pitching for Bristol Pirates : LHP Hujime Ishida
|
|
Batting: RHB Yamashita Yagi
|
0-0: Called Strike 0-1: Foul Ball, location: 2F 0-2: Strikes out swinging
|
|
Batting: RHB Willis Morales
|
0-0: Ball 1-0: Ball 2-0: Ball 3-0: Called Strike 3-1: Base on Balls
|
|
Batting: LHB Bill McGregor
|
0-0: Fly out, F7 (Flyball, 7LS, EV 73.8 MPH)
|
|
Batting: RHB John Boyer
|
0-0: Called Strike 0-1: Ball 1-1: Ball 2-1: Called Strike 2-2: Strikes out swinging
|
| Top of the 4th over - 0 runs, 0 hits, 0 errors, 1 left on base; Grand Junction 6 - Bristol 0 |
| BOTTOM OF THE 4TH |
|
Bristol Pirates batting - Pitching for Grand Junction Rockies : RHP Don Boudreau
|
|
Batting: RHB Andrew DeRicco
|
0-0: Ball 1-0: Swinging Strike 1-1: Foul Ball, location: 2F 1-2: Ball 2-2: Foul Ball, location: 2F 2-2: Ball 3-2: Foul Ball, location: 2F 3-2: Strikes out swinging
|
|
Batting: RHB Rob Colley
|
0-0: Called Strike 0-1: Swinging Strike 0-2: Ball 1-2: Strikes out swinging
|
|
Batting: RHB Gilberto Victoria
|
0-0: Ball 1-0: Called Strike 1-1: Ball 2-1: SINGLE (Flyball, 5D, EV 88.1 MPH)
|
|
Batting: RHB Perry Dominey
|
0-0: Ball 1-0: Ball 2-0: Foul Ball, location: 2F 2-1: Swinging Strike 2-2: Foul Ball, location: 2F 2-2: Foul Ball, location: 2F 2-2: Ball 3-2: Base on Balls Gilberto Victoria to second
|
|
Batting: LHB Joe Wise
|
0-0: Ball 1-0: Ball 2-0: Ball Passed Ball! Gilberto Victoria to third Perry Dominey to second 3-0: Called Strike 3-1: Base on Balls
|
|
Pitching: RHP Jim Micaletti
|
|
|
Batting: LHB Randy Boone
|
0-0: Swinging Strike 0-1: Foul Ball, location: 2F 0-2: Strikes out swinging
|
| Bottom of the 4th over - 0 runs, 1 hit, 0 errors, 3 left on base; Grand Junction 6 - Bristol 0 |
| TOP OF THE 5TH |
|
Grand Junction Rockies batting - Pitching for Bristol Pirates : LHP Hujime Ishida
|
|
Batting: RHB Doug D'Onofrio
|
0-0: Called Strike 0-1: Ball 1-1: Called Strike 1-2: Ball 2-2: Ground out 5-3 (Groundball, 5L, EV 85.0 MPH)
|
|
Batting: SHB Jeff Sorrels
|
0-0: Called Strike 0-1: Ball 1-1: Ball 2-1: Fly out, F8 (Flyball, 89S, EV 98.1 MPH)
|
|
Batting: RHB Zakhar Edelman
|
0-0: Ball 1-0: Ball 2-0: Called Strike 2-1: Ball 3-1: Ground out 5-3 (Groundball, 56, EV 85.6 MPH)
|
| Top of the 5th over - 0 runs, 0 hits, 0 errors, 0 left on base; Grand Junction 6 - Bristol 0 |
| BOTTOM OF THE 5TH |
|
Bristol Pirates batting - Pitching for Grand Junction Rockies : RHP Jim Micaletti
|
|
Batting: RHB Etsuro Hosokawa
|
0-0: Fly out, F9 (Flyball, 9S, EV 88.8 MPH)
|
|
Batting: RHB Jaime Dubicki
|
0-0: SINGLE (Line Drive, 89S, EV 101.3 MPH)
|
|
Batting: LHB Ruben Garza
|
0-0: Ball 1-0: Ball 2-0: Foul Ball, location: 2F 2-1: Foul Ball, location: 2F 2-2: Ball 3-2: Foul Ball, location: 2F 3-2: Base on Balls Jaime Dubicki to second
|
|
Batting: RHB Andrew DeRicco
|
0-0: Ball 1-0: Foul Ball, location: 2F 1-1: Ball 2-1: Foul Ball, location: 2F 2-2: Strikes out looking
|
|
Batting: RHB Rob Colley
|
0-0: Ball 1-0: Ball 2-0: Called Strike 2-1: DOUBLE (Line Drive, 7LM, EV 107.5 MPH) Jaime Dubicki scores Ruben Garza to third Runner from 3rd tries for Home, SAFE, throw by LF to home
|
|
Batting: RHB Gilberto Victoria
|
0-0: Called Strike 0-1: SINGLE (Flyball, 34D, EV 89.4 MPH) Rob Colley to third
|
|
Batting: RHB Perry Dominey
|
0-0: Swinging Strike 0-1: Swinging Strike 0-2: Ball 1-2: Ball 2-2: Ball 3-2: Foul Ball, location: 2F 3-2: Base on Balls Gilberto Victoria to second
|
|
Batting: LHB Joe Wise
|
0-0: Ball 1-0: Ball 2-0: Ball 3-0: Base on Balls Rob Colley scores Gilberto Victoria to third Perry Dominey to second
|
|
Batting: LHB Randy Boone
|
0-0: Called Strike 0-1: Ball 1-1: Called Strike 1-2: SINGLE (Groundball, 5S, EV 60.0 MPH) (infield hit) Gilberto Victoria scores Perry Dominey to third Joe Wise to second
|
|
Batting: RHB Etsuro Hosokawa
|
0-0: GRAND SLAM HOME RUN (Flyball, 78XD, EV 112.5 MPH), Distance : 469 ft
|
|
Pitching: RHP T.J. Williams
|
|
|
Batting: RHB Jaime Dubicki
|
0-0: SINGLE (Flyball, 6MD, EV 96.9 MPH)
|
|
Batting: LHB Ruben Garza
|
0-0: Fielders Choice at 2nd, 6-4 (Groundball, 6, EV 85.0 MPH)
|
| Bottom of the 5th over - 8 runs, 6 hits, 0 errors, 1 left on base; Grand Junction 6 - Bristol 8 |
| TOP OF THE 6TH |
|
Grand Junction Rockies batting - Pitching for Bristol Pirates : LHP Hujime Ishida
|
|
Pitching: LHP Phil DeCamp
|
|
|
Batting: SHB Jamie Mims
|
0-0: Swinging Strike 0-1: Ball 1-1: Foul Ball, location: 2F 1-2: Ball 2-2: Strikes out looking
|
|
Pinch Hitting: RHB Chris Osting
|
0-0: Ball 1-0: Called Strike 1-1: Swinging Strike 1-2: Strikes out swinging
|
|
Batting: RHB Yamashita Yagi
|
0-0: Fly out, F8 (Line Drive, 8LM, EV 91.9 MPH)
|
| Top of the 6th over - 0 runs, 0 hits, 0 errors, 0 left on base; Grand Junction 6 - Bristol 8 |
| BOTTOM OF THE 6TH |
|
Bristol Pirates batting - Pitching for Grand Junction Rockies : RHP T.J. Williams
|
|
Now in LF: Chris Osting
|
|
|
Batting: RHB Andrew DeRicco
|
0-0: Called Strike 0-1: Fly out, F7 (Flyball, 78S, EV 84.4 MPH)
|
|
Batting: RHB Rob Colley
|
0-0: Ball 1-0: Ball 2-0: Foul Ball, location: 2F 2-1: Ball 3-1: Called Strike 3-2: Base on Balls
|
|
Batting: RHB Gilberto Victoria
|
0-0: Ball 1-0: Called Strike 1-1: Foul Ball, location: 2F 1-2: Ground out 5-3 (Groundball, 5S, EV 63.8 MPH) Rob Colley to second
|
|
Batting: RHB Perry Dominey
|
0-0: Ball 1-0: 2-RUN HOME RUN (Flyball, 7D, EV 98.1 MPH), Distance : 377 ft
|
|
Batting: LHB Joe Wise
|
0-0: Ball 1-0: Ball 2-0: Foul Ball, location: 2F 2-1: Ball 3-1: Base on Balls
|
|
Batting: LHB Randy Boone
|
0-0: Called Strike 0-1: Called Strike 0-2: Ground out U3 (Groundball, 3L, EV 80.6 MPH)
|
| Bottom of the 6th over - 2 runs, 1 hit, 0 errors, 1 left on base; Grand Junction 6 - Bristol 10 |
| TOP OF THE 7TH |
|
Grand Junction Rockies batting - Pitching for Bristol Pirates : LHP Phil DeCamp
|
|
Batting: RHB Willis Morales
|
0-0: Ball 1-0: Ball 2-0: Foul Ball, location: 2F 2-1: Foul Ball, location: 2F 2-2: Foul Ball, location: 2F 2-2: Foul Ball, location: 2F 2-2: Ball 3-2: SINGLE (Flyball, 8RS, EV 91.3 MPH)
|
|
Batting: LHB Bill McGregor
|
0-0: Called Strike Willis Morales steals 2nd base 0-1: Foul Ball, location: 2F 0-2: Strikes out swinging
|
|
Batting: RHB John Boyer
|
0-0: Ball Willis Morales steals 3rd base 1-0: Ball 2-0: SINGLE (Groundball, 6D, EV 107.5 MPH) Willis Morales scores
|
|
Batting: RHB Doug D'Onofrio
|
0-0: Ball 1-0: Foul Ball, location: 2F 1-1: Fielders Choice at 2nd, 5-4 (Groundball, 56S, EV 91.3 MPH)
|
|
Batting: SHB Jeff Sorrels
|
0-0: Called Strike 0-1: Swinging Strike 0-2: Fly out, F8 (Flyball, 89D, EV 94.4 MPH)
|
| Top of the 7th over - 1 run, 2 hits, 0 errors, 1 left on base; Grand Junction 7 - Bristol 10 |
| BOTTOM OF THE 7TH |
|
Bristol Pirates batting - Pitching for Grand Junction Rockies : RHP T.J. Williams
|
|
Batting: RHB Etsuro Hosokawa
|
0-0: Ball 1-0: Ball 2-0: Foul Ball, location: 2F 2-1: SINGLE (Groundball, 56S, EV 69.4 MPH) (infield hit)
|
|
Batting: RHB Jaime Dubicki
|
0-0: Called Strike Etsuro Hosokawa steals 2nd base 0-1: Foul Ball, location: 2F 0-2: Foul Ball, location: 2F 0-2: Ground out 1-3 (Groundball, 13S, EV 75.0 MPH) Etsuro Hosokawa to third
|
|
Batting: LHB Ruben Garza
|
0-0: Ball Passed Ball! Etsuro Hosokawa scores 1-0: Ball 2-0: Ball 3-0: Called Strike 3-1: Called Strike 3-2: Base on Balls
|
|
Batting: RHB Andrew DeRicco
|
0-0: Called Strike 0-1: Foul Ball, location: 2F 0-2: Ball 1-2: Fielders Choice at 2nd, 1-6 (Groundball, 13S, EV 70.0 MPH)
|
|
Batting: RHB Rob Colley
|
0-0: Called Strike 0-1: Ball 1-1: Ball 2-1: Ball Wild Pitch! Andrew DeRicco to second 3-1: Called Strike 3-2: 2-RUN HOME RUN (Flyball, 9D, EV 98.8 MPH), Distance : 355 ft
|
|
Batting: RHB Gilberto Victoria
|
0-0: Ball 1-0: Ball 2-0: Called Strike 2-1: Ball 3-1: Base on Balls
|
|
Batting: RHB Perry Dominey
|
0-0: Ball 1-0: Ball 2-0: Hit by Pitch Gilberto Victoria to second
|
|
Batting: LHB Joe Wise
|
0-0: Ball 1-0: Ball 2-0: Ball 3-0: Base on Balls Gilberto Victoria to third Perry Dominey to second
|
|
Batting: LHB Randy Boone
|
0-0: Ball Wild Pitch! Gilberto Victoria scores Perry Dominey to third Joe Wise to second 1-0: Swinging Strike 1-1: Ball 2-1: Ground out 4-3 (Groundball, 4, EV 83.8 MPH)
|
| Bottom of the 7th over - 4 runs, 2 hits, 0 errors, 2 left on base; Grand Junction 7 - Bristol 14 |
| TOP OF THE 8TH |
|
Grand Junction Rockies batting - Pitching for Bristol Pirates : LHP Phil DeCamp
|
|
Batting: RHB Zakhar Edelman
|
0-0: Called Strike 0-1: Called Strike 0-2: Strikes out swinging
|
|
Batting: SHB Jamie Mims
|
0-0: Ball 1-0: Ball 2-0: Swinging Strike 2-1: Swinging Strike 2-2: Strikes out swinging
|
|
Batting: RHB Chris Osting
|
0-0: Ball 1-0: Ball 2-0: Called Strike 2-1: SOLO HOME RUN (Flyball, 7LD, EV 98.1 MPH), Distance : 351 ft
|
|
Batting: RHB Yamashita Yagi
|
0-0: Ball 1-0: Swinging Strike 1-1: Foul Ball, location: 2F 1-2: Foul Ball, location: 2F 1-2: Ball 2-2: Foul Ball, location: 2F 2-2: Ball 3-2: Foul Ball, location: 2F 3-2: Base on Balls
|
|
Batting: RHB Willis Morales
|
0-0: Ball 1-0: Ball 2-0: Ball 3-0: Base on Balls Yamashita Yagi to second
|
|
Batting: LHB Bill McGregor
|
0-0: Ball 1-0: Swinging Strike 1-1: Swinging Strike 1-2: Ball 2-2: Foul Ball, location: 2F 2-2: Strikes out swinging
|
| Top of the 8th over - 1 run, 1 hit, 0 errors, 2 left on base; Grand Junction 8 - Bristol 14 |
| BOTTOM OF THE 8TH |
|
Bristol Pirates batting - Pitching for Grand Junction Rockies : RHP T.J. Williams
|
|
Pitching: RHP Andy Rayer
|
|
|
Batting: RHB Etsuro Hosokawa
|
0-0: Ball 1-0: Fly out, F9 (Flyball, 89D, EV 101.9 MPH)
|
|
Batting: RHB Jaime Dubicki
|
0-0: Ball 1-0: Ball 2-0: Ball 3-0: Base on Balls
|
|
Batting: LHB Ruben Garza
|
0-0: Called Strike 0-1: Ball 1-1: Fielders Choice at 2nd, 3-6 (Groundball, 3, EV 89.4 MPH)
|
|
Batting: RHB Andrew DeRicco
|
0-0: Ball 1-0: Ball Ruben Garza steals 2nd base 2-0: Called Strike 2-1: Swinging Strike 2-2: Foul Ball, location: 2F 2-2: Foul Ball, location: 2F 2-2: Ball 3-2: Fly out, F7 (Flyball, 7, EV 90.6 MPH)
|
| Bottom of the 8th over - 0 runs, 0 hits, 0 errors, 1 left on base; Grand Junction 8 - Bristol 14 |
| TOP OF THE 9TH |
|
Grand Junction Rockies batting - Pitching for Bristol Pirates : LHP Phil DeCamp
|
|
Pitching: LHP Norm Silveira-Wray
|
|
|
Batting: RHB John Boyer
|
0-0: Called Strike 0-1: Ball 1-1: Ball 2-1: Fly out, F9 (Flyball, 9S, EV 92.5 MPH)
|
|
Batting: RHB Doug D'Onofrio
|
0-0: Swinging Strike 0-1: Ground out 6-3 (Groundball, P, EV 82.5 MPH)
|
|
Batting: SHB Jeff Sorrels
|
0-0: Ball 1-0: Ball 2-0: Swinging Strike 2-1: Called Strike 2-2: Foul Ball, location: 2F 2-2: SINGLE (Groundball, 6MD, EV 94.4 MPH)
|
|
Batting: RHB Zakhar Edelman
|
0-0: Swinging Strike 0-1: DOUBLE (Flyball, 8RXD, EV 105.6 MPH) Jeff Sorrels to third
|
|
Batting: SHB Jamie Mims
|
0-0: SINGLE (Line Drive, 56D, EV 96.3 MPH) Jeff Sorrels scores Zakhar Edelman to third
|
|
Batting: RHB Chris Osting
|
0-0: Ball 1-0: Ball 2-0: Called Strike 2-1: Swinging Strike 2-2: Strikes out swinging
|
| Top of the 9th over - 1 run, 3 hits, 0 errors, 2 left on base; Grand Junction 9 - Bristol 14 |
|